Map: Hard Lead LE

Players

RayReign

  • Race: Protoss Protoss
  • League: Grandmaster
  • Spawn Location: 11:00

PiG - Winner!

  • Race: Zerg Zerg
  • League: Master
  • Spawn Location: 5:00

VOD

Have the link to the VOD?

Description

Time

  • Played on: Oct. 28, 2023, 4:44 p.m.
  • Length: 13:43
Show
View Real Time Build Order
Export as new Build Order

RayReign Protoss 

Build Orders: 1 Gate Expand, Oracle Opening, Zealot Archon 

Get SALT Encoding   

  12  0:00  Probe  
  13  0:12  Probe  
  14  0:20  Pylon  
  14  0:24  Probe  
  15  0:38  Probe (Chrono Boost)  
  16  0:43  Gateway  
  17  0:50  Probe (Chrono Boost)  
  17  0:52  Assimilator  
  17  0:56  Probe (Chrono Boost)  
  18  1:04  Probe  
  19  1:16  Probe  
  20  1:27  Nexus  
  20  1:37  Cybernetics Core  
  21  1:40  Probe  
  21  1:47  Assimilator  
  21  1:52  Probe  
  22  1:58  Pylon  
  22  2:04  Probe  
  23  2:13  Stalker (Chrono Boost)  
  23  2:16  Probe (Chrono Boost)  
  26  2:25  Probe (Chrono Boost), Warp Gate  
  27  2:30  Probe (Chrono Boost)  
  27  2:33  Stargate  
  28  2:42  Probe  
  28  2:44  Adept (Chrono Boost)  
  28  2:47  Probe  
  31  2:54  Probe  
  32  2:59  Probe  
  33  3:06  Probe  
  33  3:10  Adept (Chrono Boost)  
  33  3:11  Probe  
  37  3:18  Probe  
  37  3:19  Oracle (Chrono Boost)  
  38  3:23  Probe  
  42  3:30  Pylon  
  42  3:31  Probe  
  43  3:34  Gateway  
  43  3:35  Probe  
  44  3:43  Probe  
  44  3:47  Oracle (Chrono Boost), Probe  
  46  3:55  Probe  
  50  3:59  Probe  
  50  4:00  Nexus  
  51  4:05  Pylon  
  51  4:09  Probe  
  52  4:11  Probe  
  53  4:19  Assimilator  
  53  4:20  Assimilator  
  53  4:23  Oracle  
  56  4:25  Pylon  
  56  4:26  Adept  
  56  4:28  Probe x2  
  59  4:38  Twilight Council  
  59  4:40  Probe x2  
  61  4:49  Adept x2  
  61  4:54  Probe x2  
  61  4:55  Forge  
  61  4:57  Pylon  
  62  5:07  Probe x2 (Chrono Boost)  
  62  5:13  Probe (Chrono Boost)  
  64  5:19  Probe (Chrono Boost)  
  64  5:20  Robotics Facility  
  62  5:23  Probe x2 (Chrono Boost)  
  62  5:25  Protoss Ground Weapons Level 1 (Chrono Boost), Probe (Chrono Boost)  
  65  5:29  Probe (Chrono Boost), Charge  
  65  5:30  Probe (Chrono Boost)  
  68  5:35  Gateway  
  68  5:36  Gateway, Probe (Chrono Boost)  
  68  5:42  Probe (Chrono Boost)  
  70  5:43  Stalker x2  
  70  5:47  Probe (Chrono Boost)  
  74  5:50  Probe (Chrono Boost)  
  74  5:52  Probe (Chrono Boost)  
  76  5:59  Gateway  
  76  6:01  Gateway  
  76  6:02  Photon Cannon  
  76  6:07  Templar Archives, Shield Battery  
  76  6:08  Probe x3  
  79  6:14  Warp Prism (Chrono Boost)  
  79  6:18  Assimilator  
  81  6:20  Assimilator  
  81  6:23  Shield Battery  
  81  6:26  Zealot x2  
  81  6:28  Probe x3  
  88  6:38  Pylon  
  88  6:40  Pylon  
  88  6:42  Pylon  
  88  6:57  High Templar x4  
  88  6:58  Zealot x2  
  100  7:03  Nexus  
  100  7:05  Archon x2, Shield Battery  
  100  7:06  Photon Cannon  
  100  7:08  Psionic Storm, Pylon  
  100  7:13  Protoss Ground Weapons Level 2 (Chrono Boost)  
  100  7:15  Probe x3  
  103  7:32  Immortal  
  103  7:39  Zealot x5  
  103  7:40  Zealot  
  115  7:53  Probe x2  
  117  8:05  Gateway  
  117  8:06  Gateway  
  117  8:08  Gateway  
  117  8:10  Gateway  
  117  8:11  Immortal (Chrono Boost)  
  117  8:12  High Templar x2  
  123  8:14  Assimilator, Pylon  
  123  8:15  Probe x3  
  123  8:16  Stalker x3  
  123  8:17  Assimilator  
  134  8:20  High Templar  
  134  8:22  Probe  
  134  8:25  Shield Battery  
  134  8:27  Probe x2  
  139  8:29  Shield Battery  
  139  8:30  Photon Cannon  
  139  8:32  Robotics Facility, Pylon  
  139  8:37  Blink  
  139  8:44  High Templar, Immortal (Chrono Boost)  
  139  8:45  High Templar  
  147  8:55  High Templar x2  
  149  8:57  Zealot x2  
  149  9:01  Shield Battery, Stalker x2  
  156  9:03  Photon Cannon  
  156  9:07  Stalker x2  
  156  9:08  Shield Battery  
  156  9:11  Photon Cannon  
  126  9:29  Zealot x7  
  126  9:31  Archon  
  123  9:39  Stalker  
  123  9:40  Phoenix, Stalker x2  
  128  9:50  Stalker x3  
  134  9:58  Probe x2  
  119  10:07  Archon  
  119  10:08  Archon  
  119  10:09  Zealot x5  
  118  10:16  Probe x2  
  118  10:17  Probe  
  118  10:19  Zealot x3  
  107  10:33  Zealot  
  107  10:34  Stalker x4  
  100  10:44  High Templar x4  
  100  10:46  Probe x2 (Chrono Boost)  
  100  10:47  Probe (Chrono Boost)  
  110  10:52  Probe (Chrono Boost)  
  113  10:58  Probe (Chrono Boost)  
  113  10:59  Probe (Chrono Boost)  
  113  11:02  Zealot x2  
  105  11:04  Archon  
  105  11:05  Zealot  
  89  11:11  Zealot  
  89  11:12  Zealot  
  83  11:26  Probe x4  
  83  11:27  High Templar x4  
  95  11:41  Probe x3 (Chrono Boost)  
  95  11:42  Probe (Chrono Boost)  
  97  11:50  Probe (Chrono Boost)  
  97  11:51  Probe x2 (Chrono Boost)  
  98  11:55  Zealot x5  
  98  11:56  Zealot  
  99  12:13  Zealot x4  
Show
View Real Time Build Order
Export as new Build Order

PiG Zerg - Winner!

Build Orders: Hatch First 

Get SALT Encoding   

  12  0:00  Drone  
  13  0:08  Drone  
  14  0:14  Extractor, Drone  
  15  0:36  Hatchery  
  15  0:41  Extractor  
  15  0:42  Drone  
  15  0:49  Overlord  
  15  1:08  Drone  
  15  1:09  Spawning Pool  
  15  1:12  Drone  
  15  1:18  Drone  
  17  1:19  Drone  
  18  1:28  Extractor  
  17  1:33  Drone  
  18  1:44  Drone  
  19  1:54  Drone  
  19  1:55  Drone, Queen x2  
  25  2:07  Zergling x2, Overlord  
  26  2:10  Drone  
  26  2:14  Drone  
  28  2:28  Drone x2  
  30  2:33  Metabolic Boost  
  30  2:48  Overlord  
  30  2:49  Queen  
  30  2:50  Drone x3  
  35  3:01  Hatchery  
  34  3:07  Overlord  
  34  3:08  Drone x3  
  37  3:14  Drone x3  
  39  3:24  Overlord  
  39  3:26  Overlord  
  39  3:33  Queen  
  41  3:35  Queen  
  41  3:40  Drone x3, Spore Crawler  
  45  3:44  Drone  
  46  3:50  Zergling x8  
  50  4:06  Zergling x10  
  55  4:14  Queen  
  56  4:18  Drone x5  
  61  4:30  Drone x3  
  63  4:37  Spore Crawler  
  62  4:39  Overlord x2  
  62  4:41  Drone x3  
  64  4:47  Drone x3  
  66  4:58  Drone x5  
  67  5:00  Lair  
  67  5:03  Drone x4  
  67  5:06  Spore Crawler  
  67  5:10  Drone x2  
  69  5:14  Extractor  
  69  5:17  Extractor, Evolution Chamber  
  69  5:18  Extractor  
  69  5:19  Extractor x2  
  63  5:25  Zergling x8  
  63  5:26  Roach Warren  
  66  5:29  Hatchery  
  65  5:36  Drone x4  
  65  5:39  Drone x2  
  71  5:44  Drone x2  
  72  5:54  Drone x5  
  77  5:57  Drone  
  77  6:00  Spore Crawler  
  77  6:08  Drone x8, Glial Reconstitution  
  77  6:09  Zerg Missile Weapons Level 1  
  85  6:13  Drone, Spire  
  85  6:14  Drone  
  86  6:27  Overlord  
  86  6:28  Overlord x5  
  85  6:33  Hatchery  
  84  6:51  Baneling Nest, Roach x13  
  108  6:59  Overseer  
  108  7:03  Roach x7  
  108  7:08  Drone x2  
  124  7:15  Extractor, Roach x2  
  128  7:20  Overseer  
  128  7:22  Ravager x2  
  128  7:23  Drone x2  
  128  7:24  Drone, Overlord x5  
  132  7:42  Roach x2  
  132  8:02  Mutalisk x8  
  148  8:06  Extractor  
  147  8:19  Zerg Melee Weapons Level 1  
  147  8:20  Centrifugal Hooks  
  147  8:23  Drone x2  
  147  8:24  Drone x2  
  147  8:25  Drone x3  
  147  8:26  Drone x5  
  147  8:27  Drone x3  
  161  8:28  Overlord x2  
  161  8:30  Hatchery  
  161  8:32  Zergling x16  
  169  8:35  Ravager  
  170  8:51  Zergling x24  
  170  8:52  Zergling x6  
  185  8:56  Overlord x2  
  185  8:57  Ravager x5  
  187  9:20  Zergling x36  
  187  9:21  Zergling x2  
  186  9:30  Roach x8  
  170  9:42  Roach x8  
  186  9:49  Zerg Flyer Weapons Level 1  
  179  9:57  Roach  
  179  9:58  Roach x11  
  187  10:07  Roach x4  
  187  10:15  Roach x7  
  187  10:24  Roach x9  
  197  10:33  Overlord x2  
  168  11:06  Roach x19  
  178  11:23  Roach x18  
  178  11:24  Zerg Missile Weapons Level 2  
  196  11:30  Infestation Pit  
  189  11:33  Ravager  
  189  11:34  Ravager x9  
  194  11:46  Hatchery  
  190  11:53  Zergling x22  
  183  12:10  Roach x10  
  192  12:19  Zergling x2  
  192  12:20  Zergling x14  
  192  12:45  Spore Crawler  
  192  12:46  Extractor  
  192  12:48  Extractor, Drone x3  
Tags
 
Add a new tag
Caveats
  • Supply blocks, unpowered buildings, or Contaminate may cause inaccurate times.
  • Supply counts are checked every 10 seconds.